 Dungeon Crawl Stone Soup version 0.27.0-1-g7a089689b8 (webtiles) character file.

Game seed: 11113171691640337383

361 shoop the Twirler (level 6, -3/48 HPs)
             Began as a Demonspawn Wanderer on Aug 3, 2021.
             Was a Follower of Fedhas.
             Splashed by a jelly's acid (7 damage)
             ... on level 5 of the Dungeon on Aug 4, 2021.
             The game lasted 00:06:56 (4105 turns).

shoop the Twirler (Demonspawn Wanderer)             Turns: 4105, Time: 00:06:57

Health: -3/48      AC: -8    Str: 13    XL:     6   Next: 38%
Magic:  0/6        EV: 10    Int: 14    God:    Fedhas [*.....]
Gold:   167        SH:  0    Dex: 15    Spells: 5/5 levels left

rFire    . . .     SeeInvis .   a - +2 quarterstaff
rCold    . . .     Faith    .   (shield currently unavailable)
rNeg     . . .     Spirit   +   b - +0 ring mail
rPois    .         Reflect  .   q - +0 helmet
rElec    .         Harm     .   p - +0 cloak
rCorr    .         Rampage  .   (no gloves)
Will     .....                  (no boots)
Stlth    ++........             (no amulet)
HPRegen  0.16/turn              (no ring)
MPRegen  0.20/turn              (no ring)

@: corroded
A: magic shield, magic regeneration, big brain 1
a: Renounce Religion


You were on level 5 of the Dungeon.
You worshipped Fedhas.
Fedhas was aware of your devotion.
You visited 1 branch of the dungeon, and saw 5 of its levels.

You collected 167 gold pieces.

Inventory:

Hand Weapons
 a - a +2 quarterstaff (weapon)
 d - a +0 dagger
Missiles
 n - 34 poisoned darts (quivered)
 x - 6 curare-tipped darts
Armour
 b - a +0 ring mail (worn)
 l - a +0 buckler
 p - a +0 cloak (worn)
 q - a +0 helmet (worn)
Wands
 v - a wand of charming (6)
Scrolls
 e - a scroll of noise {unknown}
 g - a scroll of blinking {unknown}
 h - 2 scrolls of magic mapping {unknown}
 i - 3 scrolls of immolation {unknown}
 j - 4 scrolls of teleportation {unknown}
 k - 5 scrolls of identify {unknown}
 m - a scroll of summoning {unknown}
 o - a scroll of vulnerability {unknown}
 r - a scroll of enchant armour {unknown}
 s - a scroll of holy word {unknown}
 u - a scroll of amnesia {unknown}
 y - a scroll of enchant weapon {unknown}
Potions
 c - 5 potions of curing
 f - a potion of might {unknown}
 t - a potion of magic {unknown}
 w - a potion of berserk rage {unknown}


   Skills:
 - Level 4.0 Fighting
 + Level 5.2 Staves
 - Level 1.0 Bows
 - Level 1.0 Armour
 + Level 1.3 Dodging
 + Level 2.5 Stealth
 - Level 1.0 Shields
 + Level 1.3 Evocations


You had 5 spell levels left.
You didn't know any spells.
Your spell library contained the following spells:

 Spells                   Type           Power      Damage    Failure   Level
 Sublimation of Blood     Necr           0%         N/A       67%         2
 Wereblood                Tmut           0%         N/A       67%         2
 Conjure Flame            Conj/Fire      0%         6-21      88%         3
 Ignite Poison            Fire/Tmut/Pois 0%         N/A       88%         3
 Sticky Flame             Conj/Fire      0%         2d3       99%         4
 Summon Hydra             Summ           0%         N/A       100%        7


Dungeon Overview and Level Annotations

Branches:
Dungeon (5/15)
 Temple: D:4-7

Altars:
Fedhas
Uskayaw
Vehumet


Innate Abilities, Weirdness & Mutations

When hurt, damage is shared between your health and your magic reserves.
You regenerate magic rapidly.
You have an unusually large brain. (Int +2)


Message History

You hit something.
Fedhas appreciates your contribution to the ecosystem.
Reactivating autopickup.
You feel a bit more experienced.
Items here: ))) [[[.
y - a scroll labelled YFIATU VIHU 2 gnolls come into view.
A jelly comes into view.
You strike the helpless jelly from behind!
You hit the jelly.
Your hands burn!
The jelly is lightly wounded.
The jelly completely misses you. The jelly hits you. The acid corrodes you!
You are splashed with acid!
You hit the jelly but do no damage. The acid corrodes you!
Your hands burn!
The jelly is lightly wounded.
The jelly barely misses you.
You sock the jelly!
Your hands burn!
The jelly is severely wounded.
The jelly hits you.
* * * LOW HITPOINT WARNING * * *
The acid corrodes you!
You are splashed with acid.
* * * LOW HITPOINT WARNING * * *
You hit the jelly but do no damage. The acid corrodes you!
Your hands burn!
* * * LOW HITPOINT WARNING * * *
The jelly is severely wounded.
The jelly barely misses you.
Unknown command.
You feel better. The jelly hits you.
* * * LOW HITPOINT WARNING * * *
You are splashed with acid!
* * * LOW HITPOINT WARNING * * *
Unknown command.
You hit the jelly but do no damage.
Your hands burn!
* * * LOW HITPOINT WARNING * * *
The jelly is severely wounded.
The jelly hits you.
* * * LOW HITPOINT WARNING * * *
You are splashed with acid!
You die...
Fedhas appreciates your contribution to the ecosystem.

#####.....# ... ..
#####.....# #.##.
#.........# . #.#..
#........## .g #...# #
#.......)# ...####.#.#.#
############..# .g......#..
#.)..........>#
#......#######.#############
#............@........
#.......######J#..####
#.......# #.#..# #####.#...
... .# #.#..## #....# ..#...
#..... .####.## #...##. ..
.. ...#


You could see a jelly.

Vanquished Creatures
  A phantom (D:5)
  A howler monkey (D:4)
  A hound (D:4)
  An orc priest (D:5)
  2 orc wizards (D:5)
  A hound skeleton (D:4)
  A gnoll (D:4)
  4 adders
  An ufetubus (D:4)
  4 worms
  3 orcs
  An endoplasm (D:1)
  4 giant cockroaches
  6 goblins
  6 hobgoblins
  10 jackals
  4 kobolds
  4 quokkas
  3 ball pythons
  7 bats
  4 frilled lizards
  5 rats
74 creatures vanquished.

Vanquished Creatures (others)
  19 plants
19 creatures vanquished.

Grand Total: 93 creatures vanquished

Notes
Turn   | Place    | Note
-------+----------+-------------------------------------------
     0 | D:1      | shoop the Demonspawn Wanderer began the quest for the Orb.
     0 | D:1      | shoop set off with the following items: a +2 quarterstaff,
                  | a +0 ring mail, a potion of curing, a +0 dagger
     0 | D:1      | Reached XP level 1. HP: 19/19 MP: 1/1
   172 | D:1      | Gained mutation: You have an unusually large brain. (Int
                  | +2) [demonic ancestry]
   172 | D:1      | Reached XP level 2. HP: 8/25 MP: 2/2
   179 | D:1      | Reached skill level 2 in Staves
   437 | D:1      | Found a faded altar of an unknown god.
   954 | D:2      | Reached XP level 3. HP: 30/30 MP: 3/3
  1111 | D:2      | Reached skill level 3 in Staves
  2235 | D:3      | Gained mutation: You regenerate magic rapidly. [demonic
                  | ancestry]
  2235 | D:3      | Reached XP level 4. HP: 37/37 MP: 4/4
  2608 | D:3      | Found a blossoming altar of Fedhas.
  2615 | D:3      | Became a worshipper of Fedhas Madash
  3098 | D:4      | Reached skill level 4 in Staves
  3101 | D:4      | Noticed an ogre
  3126 | D:4      | Reached XP level 5. HP: 24/42 MP: 5/5
  3497 | D:4      | Reached skill level 5 in Staves
  3776 | D:5      | Entered Level 5 of the Dungeon
  3814 | D:5      | Found a hide-covered altar of Uskayaw.
  3852 | D:5      | Found a radiant altar of Vehumet.
  3861 | D:5      | Noticed a phantom
  3875 | D:5      | Killed a phantom
  3876 | D:5      | Reached skill level 1 in Dodging
  3876 | D:5      | Reached skill level 1 in Evocations
  3876 | D:5      | Gained mutation: When hurt, damage is shared between your
                  | health and your magic reserves. [demonic ancestry]
  3876 | D:5      | Reached XP level 6. HP: 23/48 MP: 6/6
  4078 | D:5      | Reached * piety under Fedhas
  4105 | D:5      | Splashed by a jelly's acid

Illustrated notes

Levels and vault maps discovered:
D:1:      wander_arrival_peaceful_grave, layout_loops_ring,
          dreamdust_ecumenical_altar_hidden_monk_grotto
D:2:      layout_basic
D:3:      layout_basic, fedhas_altar_3
D:4:      layout_basic, chequers_big_river
D:5:      layout_basic, lemuel_crystal_altar, lemuel_doored_altar,
          lightli_sewer_entry_pipes

Skill      XL: |  1  2  3  4  5 |
---------------+----------------+-----
Staves         | 2 3 4 5 |  5.2
Stealth        | 2 |  2.5
Dodging        | 1 |  1.3
Evocations     | 1 |  1.3
Fighting       | |  4.0
Bows           | |  1.0
Armour         | |  1.0
Shields        | |  1.0

Action                   |  1- 3 |  4- 6 || total
-------------------------+-------+-------++-------
Melee: Quarterstaff      |    99 |   136 ||   235
  Use: Potion            |       |     1 ||     1
 Stab: Sleeping          |     1 |     1 ||     2
       Distracted        |       |     1 ||     1
Armor: Ring mail         |    51 |    56 ||   107
Dodge: Dodged            |    60 |    56 ||   116
